| TOP OF THE 1ST |
|
Aberdeen Ironbirds batting - Pitching for Staten Island Yankees : RHP Jorge Aranda
|
|
Pitching: RHP Jorge Aranda
|
|
|
Batting: LHB Bill Ostlund
|
0-0: Called Strike 0-1: Fly out, F7 (Flyball, 78S, EV 91.9 MPH)
|
|
Batting: LHB Tim Mulholland
|
0-0: Ball 1-0: Called Strike 1-1: Swinging Strike 1-2: Ball 2-2: Fly out, F6 (Flyball, 56D, EV 80.0 MPH)
|
|
Batting: LHB Raul Rojas
|
0-0: Foul Ball, location: 2F 0-1: Ball 1-1: Ball 2-1: Foul Ball, location: 2F 2-2: Foul Ball, location: 2F 2-2: Ball 3-2: Foul Ball, location: 2F 3-2: Ground out 6-3 (Groundball, 6M, EV 103.8 MPH)
|
| Top of the 1st over - 0 runs, 0 hits, 0 errors, 0 left on base; Aberdeen 0 - Staten Island 0 |
| BOTTOM OF THE 1ST |
|
Staten Island Yankees batting - Pitching for Aberdeen Ironbirds : LHP Silas Chinn
|
|
Pitching: LHP Silas Chinn
|
|
|
Batting: RHB Luwen Storm
|
0-0: Foul Ball, location: 2F 0-1: Foul Ball, location: 2F 0-2: Ball 1-2: Ball 2-2: Hit by Pitch
|
|
Batting: RHB Steve Martin
|
0-0: Ball 1-0: Ball 2-0: Foul Ball, location: 2F 2-1: Ball 3-1: Base on Balls Luwen Storm to second
|
|
Batting: LHB Roald Jacobs
|
0-0: Ball 1-0: Hit by Pitch Luwen Storm to third Steve Martin to second
|
|
Batting: RHB Andres Valles
|
0-0: Called Strike 0-1: Foul Ball, location: 2F 0-2: SINGLE (Groundball, 34D, EV 101.2 MPH) Luwen Storm scores Steve Martin to third Roald Jacobs to second
|
|
Batting: LHB Tatsuo Yasui
|
0-0: Foul Ball, location: 2F 0-1: SINGLE (Groundball, 4M, EV 105.6 MPH) (infield hit) Steve Martin scores Roald Jacobs to third Andres Valles to second
|
|
Batting: RHB Chris Diaz
|
0-0: Ball 1-0: Ball 2-0: Swinging Strike 2-1: Ball 3-1: Foul Ball, location: 2F 3-2: Strikes out swinging
|
|
Batting: LHB Mario Hurtado
|
0-0: Called Strike 0-1: Ground out 6-3 (Groundball, 6MS, EV 67.5 MPH) Roald Jacobs scores Andres Valles to third Tatsuo Yasui to second
|
|
Batting: SHB Victor Martinez
|
0-0: Ball 1-0: SINGLE (Line Drive, 9LS, EV 105.6 MPH) Andres Valles scores Tatsuo Yasui to third Runner from 3rd tries for Home, SAFE, throw by RF to home
|
|
Batting: LHB Alex Genao
|
0-0: Fly out, F9 (Flyball, 9S, EV 88.8 MPH)
|
| Bottom of the 1st over - 5 runs, 3 hits, 0 errors, 1 left on base; Aberdeen 0 - Staten Island 5 |
| TOP OF THE 2ND |
|
Aberdeen Ironbirds batting - Pitching for Staten Island Yankees : RHP Jorge Aranda
|
|
Batting: SHB Jorge Brito
|
0-0: Ball 1-0: Called Strike 1-1: Swinging Strike 1-2: Strikes out looking
|
|
Batting: RHB Edwin Ramos
|
0-0: Foul Ball, location: 2F 0-1: Foul Ball, location: 2F 0-2: Foul Ball, location: 2F 0-2: Ball 1-2: Ball 2-2: Ball 3-2: Foul Ball, location: 2F 3-2: Strikes out swinging
|
|
Batting: SHB Hugo Moreno
|
0-0: Foul Ball, location: 2F 0-1: Ground out 4-3 (Groundball, 34, EV 91.2 MPH)
|
| Top of the 2nd over - 0 runs, 0 hits, 0 errors, 0 left on base; Aberdeen 0 - Staten Island 5 |
| BOTTOM OF THE 2ND |
|
Staten Island Yankees batting - Pitching for Aberdeen Ironbirds : LHP Silas Chinn
|
|
Batting: RHB Luwen Storm
|
0-0: Called Strike 0-1: Ball 1-1: Foul Ball, location: 2F 1-2: Ball 2-2: Ball 3-2: Strikes out swinging
|
|
Batting: RHB Steve Martin
|
0-0: Ground out U3 (Groundball, 3, EV 90.0 MPH)
|
|
Batting: LHB Roald Jacobs
|
0-0: Ball 1-0: Ball 2-0: Called Strike 2-1: Ground out 4-3 (Groundball, 34D, EV 85.0 MPH)
|
| Bottom of the 2nd over - 0 runs, 0 hits, 0 errors, 0 left on base; Aberdeen 0 - Staten Island 5 |
| TOP OF THE 3RD |
|
Aberdeen Ironbirds batting - Pitching for Staten Island Yankees : RHP Jorge Aranda
|
|
Batting: LHB Rodolfo Montes
|
0-0: Ball 1-0: Ball 2-0: Ball 3-0: Called Strike 3-1: Called Strike 3-2: Strikes out swinging
|
|
Batting: SHB Tyler Myatt
|
0-0: Ball 1-0: Foul Ball, location: 2F 1-1: Ball 2-1: Fly out, F8 (Flyball, 8LD, EV 88.8 MPH)
|
|
Batting: RHB Juan Estrada
|
0-0: Fly out, F9 (Flyball, 9S, EV 85.6 MPH)
|
| Top of the 3rd over - 0 runs, 0 hits, 0 errors, 0 left on base; Aberdeen 0 - Staten Island 5 |
| BOTTOM OF THE 3RD |
|
Staten Island Yankees batting - Pitching for Aberdeen Ironbirds : LHP Silas Chinn
|
|
Batting: RHB Andres Valles
|
0-0: Ball 1-0: Ball 2-0: Called Strike 2-1: Ball 3-1: Foul Ball, location: 2F 3-2: Ground out U3 (Groundball, 34, EV 108.8 MPH)
|
|
Batting: LHB Tatsuo Yasui
|
0-0: Ball 1-0: Foul Ball, location: 2F 1-1: Called Strike 1-2: SINGLE (Groundball, 6MD, EV 95.6 MPH)
|
|
Batting: RHB Chris Diaz
|
0-0: Called Strike Tatsuo Yasui steals 2nd base 0-1: Called Strike Tatsuo Yasui steals 3rd base 0-2: Ball 1-2: Ball 2-2: DOUBLE (Line Drive, 89XD, EV 106.2 MPH) Tatsuo Yasui scores
|
|
Pitching: LHP Vinny Duarte
|
|
|
Batting: LHB Mario Hurtado
|
0-0: Ball 1-0: Foul Ball, location: 2F 1-1: Called Strike Chris Diaz steals 3rd base 1-2: Fly out, F3 (Popup, 3SF, EV 79.4 MPH)
|
|
Batting: SHB Victor Martinez
|
0-0: Called Strike 0-1: Foul Ball, location: 2F 0-2: Strikes out swinging
|
| Bottom of the 3rd over - 1 run, 2 hits, 0 errors, 1 left on base; Aberdeen 0 - Staten Island 6 |
| TOP OF THE 4TH |
|
Aberdeen Ironbirds batting - Pitching for Staten Island Yankees : RHP Jorge Aranda
|
|
Batting: LHB Bill Ostlund
|
0-0: Ball 1-0: Called Strike 1-1: Foul Ball, location: 2F 1-2: Foul Ball, location: 2F 1-2: Foul Ball, location: 2F 1-2: Strikes out swinging
|
|
Batting: LHB Tim Mulholland
|
0-0: Called Strike 0-1: Ball 1-1: Ball 2-1: Ball 3-1: Base on Balls
|
|
Batting: LHB Raul Rojas
|
0-0: Called Strike Tim Mulholland steals 2nd base 0-1: Foul Ball, location: 2F 0-2: Ball 1-2: Hit by Pitch
|
|
Batting: SHB Jorge Brito
|
0-0: Ball Tim Mulholland steals 3rd base 1-0: Called Strike 1-1: 3-RUN HOME RUN (Flyball, 78XD, EV 101.2 MPH), Distance : 419 ft
|
|
Batting: RHB Edwin Ramos
|
0-0: Foul Ball, location: 2F 0-1: Ball 1-1: Ball 2-1: Ball 3-1: Called Strike 3-2: Strikes out swinging
|
|
Batting: SHB Hugo Moreno
|
0-0: Ball 1-0: Swinging Strike 1-1: Foul Ball, location: 2F 1-2: Strikes out swinging
|
| Top of the 4th over - 3 runs, 1 hit, 0 errors, 0 left on base; Aberdeen 3 - Staten Island 6 |
| BOTTOM OF THE 4TH |
|
Staten Island Yankees batting - Pitching for Aberdeen Ironbirds : LHP Vinny Duarte
|
|
Batting: LHB Alex Genao
|
0-0: Ball 1-0: SINGLE (Groundball, 6MD, EV 110.6 MPH)
|
|
Batting: RHB Luwen Storm
|
0-0: Ball 1-0: Ball 2-0: Called Strike 2-1: Ball 3-1: Base on Balls Alex Genao to second
|
|
Batting: RHB Steve Martin
|
0-0: Called Strike 0-1: Foul Ball, location: 2F 0-2: Ball 1-2: Ball 2-2: Ball 3-2: Fielders Choice at 2nd, 4-6 (Groundball, 4, EV 105.6 MPH) Alex Genao to third
|
|
Batting: LHB Roald Jacobs
|
0-0: Ball 1-0: Called Strike 1-1: Called Strike 1-2: Fly out, F8 (Flyball, 8RD, EV 77.5 MPH) Runner from 3rd tags up, SCORES, no throw by CF
|
|
Batting: RHB Andres Valles
|
0-0: Ball 1-0: DOUBLE (Flyball, 89D, EV 101.2 MPH) Steve Martin to third Runner from 3rd tries for Home, SAFE, no throw by CF
|
|
Batting: LHB Tatsuo Yasui
|
0-0: Ball 1-0: Fly out, F8 (Flyball, 8LXD, EV 86.2 MPH)
|
| Bottom of the 4th over - 2 runs, 2 hits, 0 errors, 1 left on base; Aberdeen 3 - Staten Island 8 |
| TOP OF THE 5TH |
|
Aberdeen Ironbirds batting - Pitching for Staten Island Yankees : RHP Jorge Aranda
|
|
Batting: LHB Rodolfo Montes
|
0-0: Ball 1-0: Called Strike 1-1: Ground out U3 (Groundball, 3L, EV 88.1 MPH)
|
|
Batting: SHB Tyler Myatt
|
0-0: Called Strike 0-1: DOUBLE (Groundball, 5L, EV 110.0 MPH)
|
|
Batting: RHB Juan Estrada
|
0-0: Ball 1-0: Called Strike 1-1: Ball 2-1: SINGLE (Groundball, 6M, EV 100.6 MPH) (infield hit) Tyler Myatt to third
|
|
Batting: LHB Bill Ostlund
|
0-0: Called Strike Juan Estrada is caught stealing 2nd base 2-6 0-1: Foul Ball, location: 2F 0-2: Ball 1-2: Fly out, F9 (Flyball, 9D, EV 86.2 MPH)
|
| Top of the 5th over - 0 runs, 2 hits, 0 errors, 1 left on base; Aberdeen 3 - Staten Island 8 |
| BOTTOM OF THE 5TH |
|
Staten Island Yankees batting - Pitching for Aberdeen Ironbirds : LHP Vinny Duarte
|
|
Batting: RHB Chris Diaz
|
0-0: Called Strike 0-1: Ground out 6-3 (Groundball, 6, EV 83.8 MPH)
|
|
Batting: LHB Mario Hurtado
|
0-0: Foul Ball, location: 2F 0-1: SINGLE (Groundball, 6M, EV 111.9 MPH) (infield hit)
|
|
Batting: SHB Victor Martinez
|
0-0: Ball 1-0: Called Strike Mario Hurtado steals 2nd base (no throw) 1-1: Foul Ball, location: 2F 1-2: Strikes out swinging
|
|
Batting: LHB Alex Genao
|
0-0: Ball 1-0: Ball 2-0: Ball Wild Pitch! Mario Hurtado to third 3-0: Foul Ball, location: 2F 3-1: Foul Ball, location: 2F 3-2: Base on Balls
|
|
Batting: RHB Luwen Storm
|
0-0: Ball 1-0: Called Strike 1-1: Ball 2-1: Ball 3-1: Base on Balls Alex Genao to second
|
|
Pitching: LHP Randy Adams
|
|
|
Batting: RHB Steve Martin
|
0-0: Ball 1-0: Ball 2-0: Called Strike 2-1: Ball 3-1: Called Strike 3-2: Foul Ball, location: 2F 3-2: Base on Balls Mario Hurtado scores Alex Genao to third Luwen Storm to second
|
|
Batting: LHB Roald Jacobs
|
0-0: Foul Ball, location: 2F 0-1: Fly out, F5 (Popup, 5SF, EV 69.4 MPH)
|
| Bottom of the 5th over - 1 run, 1 hit, 0 errors, 3 left on base; Aberdeen 3 - Staten Island 9 |
| TOP OF THE 6TH |
|
Aberdeen Ironbirds batting - Pitching for Staten Island Yankees : RHP Jorge Aranda
|
|
Batting: LHB Tim Mulholland
|
0-0: Called Strike 0-1: Foul Ball, location: 2F 0-2: Ball 1-2: Ball 2-2: Ball 3-2: Ground out 4-3 (Groundball, 4, EV 83.8 MPH)
|
|
Batting: LHB Raul Rojas
|
0-0: Swinging Strike 0-1: Ball 1-1: SINGLE (Groundball, 34D, EV 105.6 MPH)
|
|
Batting: SHB Jorge Brito
|
0-0: Ball 1-0: Ball 2-0: Ball 3-0: Called Strike 3-1: Base on Balls Raul Rojas to second
|
|
Batting: RHB Edwin Ramos
|
0-0: Called Strike 0-1: Ball 1-1: Foul Ball, location: 2F 1-2: Foul Ball, location: 2F 1-2: Foul Ball, location: 2F 1-2: Ball 2-2: Grounds into double play, 5-4-3 (Groundball, 56, EV 86.9 MPH)
|
| Top of the 6th over - 0 runs, 1 hit, 0 errors, 1 left on base; Aberdeen 3 - Staten Island 9 |
| BOTTOM OF THE 6TH |
|
Staten Island Yankees batting - Pitching for Aberdeen Ironbirds : LHP Randy Adams
|
|
Batting: RHB Andres Valles
|
0-0: Foul Ball, location: 2F 0-1: Foul Ball, location: 2F 0-2: Ball 1-2: Ball 2-2: Strikes out swinging
|
|
Batting: LHB Tatsuo Yasui
|
0-0: Swinging Strike 0-1: Called Strike 0-2: Foul Ball, location: 2F 0-2: Foul Ball, location: 2F 0-2: Foul Ball, location: 2F 0-2: Strikes out looking
|
|
Batting: RHB Chris Diaz
|
0-0: Fly out, F8 (Line Drive, 8RM, EV 93.8 MPH)
|
| Bottom of the 6th over - 0 runs, 0 hits, 0 errors, 0 left on base; Aberdeen 3 - Staten Island 9 |
| TOP OF THE 7TH |
|
Aberdeen Ironbirds batting - Pitching for Staten Island Yankees : RHP Jorge Aranda
|
|
Pitching: RHP Enrique Fuentes
|
|
|
Batting: SHB Hugo Moreno
|
0-0: SINGLE (Groundball, 34D, EV 97.5 MPH)
|
|
Batting: LHB Rodolfo Montes
|
0-0: Fielders Choice at 2nd, 4-6 (Groundball, 4, EV 78.8 MPH)
|
|
Batting: SHB Tyler Myatt
|
0-0: Called Strike 0-1: Swinging Strike 0-2: Ball Rodolfo Montes steals 2nd base 1-2: Foul Ball, location: 2F 1-2: Strikes out looking
|
|
Batting: RHB Juan Estrada
|
0-0: Swinging Strike 0-1: Ball 1-1: Fly out, F8 (Line Drive, 8RM, EV 94.4 MPH)
|
| Top of the 7th over - 0 runs, 1 hit, 0 errors, 1 left on base; Aberdeen 3 - Staten Island 9 |
| BOTTOM OF THE 7TH |
|
Staten Island Yankees batting - Pitching for Aberdeen Ironbirds : LHP Randy Adams
|
|
Batting: LHB Mario Hurtado
|
0-0: Ball 1-0: Ball 2-0: Swinging Strike 2-1: Ball 3-1: Foul Ball, location: 2F 3-2: Strikes out swinging
|
|
Batting: SHB Victor Martinez
|
0-0: Called Strike 0-1: Foul Ball, location: 2F 0-2: Ball 1-2: Strikes out swinging, 2-3 out at first.
|
|
Batting: LHB Alex Genao
|
0-0: Called Strike 0-1: Swinging Strike 0-2: Strikes out swinging
|
| Bottom of the 7th over - 0 runs, 0 hits, 0 errors, 0 left on base; Aberdeen 3 - Staten Island 9 |
| TOP OF THE 8TH |
|
Aberdeen Ironbirds batting - Pitching for Staten Island Yankees : RHP Enrique Fuentes
|
|
Batting: LHB Bill Ostlund
|
0-0: Fly out, F8 (Flyball, 89D, EV 94.4 MPH)
|
|
Batting: LHB Tim Mulholland
|
0-0: Ball 1-0: Ball 2-0: Ball 3-0: Called Strike 3-1: Base on Balls
|
|
Batting: LHB Raul Rojas
|
0-0: Grounds into double play, 4-6-3 (Groundball, 4, EV 86.9 MPH)
|
| Top of the 8th over - 0 runs, 0 hits, 0 errors, 0 left on base; Aberdeen 3 - Staten Island 9 |
| BOTTOM OF THE 8TH |
|
Staten Island Yankees batting - Pitching for Aberdeen Ironbirds : LHP Randy Adams
|
|
Batting: RHB Luwen Storm
|
0-0: Ball 1-0: Ball 2-0: Called Strike 2-1: Ball 3-1: SINGLE (Groundball, 25, EV 73.1 MPH) (infield hit)
|
|
Batting: RHB Steve Martin
|
0-0: Called Strike 0-1: Ball 1-1: Called Strike 1-2: Ball 2-2: Fielders Choice at 2nd, 3-6 (Groundball, 34, EV 99.4 MPH)
|
|
Batting: LHB Roald Jacobs
|
0-0: Ball 1-0: Fly out, F9 (Line Drive, 9D, EV 103.8 MPH)
|
|
Batting: RHB Andres Valles
|
0-0: Ball 1-0: Ball 2-0: Called Strike 2-1: 2-RUN HOME RUN (Flyball, 7LD, EV 88.1 MPH), Distance : 334 ft
|
|
Pinch Hitting: LHB Ben Roth
|
0-0: Foul Ball, location: 2F 0-1: Ball 1-1: Ball 2-1: Swinging Strike 2-2: Reached on error, E3 (Groundball, 34, EV 86.2 MPH)
|
|
Pitching: RHP David Burrus
|
|
|
Batting: RHB Chris Diaz
|
0-0: Called Strike 0-1: Ball 1-1: Ball 2-1: Foul Ball, location: 2F 2-2: Foul Ball, location: 2F 2-2: Fly out, F3 (Line Drive, 3, EV 69.4 MPH)
|
| Bottom of the 8th over - 2 runs, 2 hits, 1 error, 1 left on base; Aberdeen 3 - Staten Island 11 |
| TOP OF THE 9TH |
|
Aberdeen Ironbirds batting - Pitching for Staten Island Yankees : RHP Enrique Fuentes
|
|
Now at 1B: Ben Roth
|
|
|
Batting: SHB Jorge Brito
|
0-0: DOUBLE (Line Drive, 78M, EV 104.4 MPH)
|
|
Batting: RHB Edwin Ramos
|
0-0: Foul Ball, location: 2F 0-1: Called Strike 0-2: Foul Ball, location: 2F 0-2: Fly out, F8 (Flyball, 78D, EV 96.9 MPH)
|
|
Batting: SHB Hugo Moreno
|
0-0: Ball 1-0: Called Strike 1-1: Foul Ball, location: 2F 1-2: Strikes out swinging
|
|
Batting: LHB Rodolfo Montes
|
0-0: Ball 1-0: Called Strike 1-1: Ground out 6-3 (Groundball, 6M, EV 81.9 MPH)
|
| Top of the 9th over - 0 runs, 1 hit, 0 errors, 1 left on base; Aberdeen 3 - Staten Island 11 |
|